 Dungeon Crawl Stone Soup version 0.26-a0-1033-gd598b01645 (webtiles) character file.

Game seed: 281757540109391236

63412 ANON1729 the Slinger (level 14, -10/126 HPs)
             Began as a Deep Dwarf Hunter on Dec 10, 2020.
             Was the Champion of the Shining One.
             Mangled by a boulder beetle (18 damage)
             ... on level 14 of the Dungeon.
             The game lasted 01:15:33 (20417 turns).

ANON1729 the Slinger (Deep Dwarf Hunter)           Turns: 20417, Time: 01:15:33

Health: -10/126    AC: 25    Str: 23    XL:     14   Next: 68%
Magic:  0/0        EV: 11    Int: 12    God:    the Shining One [******]
Gold:   1215       SH:  0    Dex: 15    Spells: 31/31 levels left

rFire    + . .     SeeInvis .   S - +5 trident
rCold    + . .     Faith    .   (no shield)
rNeg     + + +     Spirit   .   i - +0 plate armour
rPois    +         Reflect  .   e - +0 helmet
rElec    +         Harm     .   (no cloak)
rCorr    +         Rampage  .   (no gloves)
Will     ++...                  G - +2 pair of boots of Analysis {Dex+2}
Stlth    ..........             X - amulet of regeneration
HPRegen  0.00/turn              E - ring "Vothoneeti" {AC+4 Str+2}
MPRegen  0.07/turn              (no ring)

@: mighty, resistant, non-regenerating, glowing
A: damage resistance, heal wounds, negative energy resistance 1, sense
surroundings 2, no regeneration
a: Heal Wounds, Divine Shield, Cleansing Flame, Summon Divine Warrior, Brand
Weapon With Holy Wrath, Renounce Religion


You were on level 14 of the Dungeon.
You worshipped the Shining One.
The Shining One was exalted by your worship.
You visited 4 branches of the dungeon, and saw 22 of its levels.
You also visited: Bailey and Gauntlet.

You collected 1642 gold pieces.
You spent 427 gold pieces at shops.

Inventory:

Hand Weapons
 a - a +1 hunting sling
 S - a +5 trident (weapon)
Missiles
 d - 38 sling bullets
 g - 474 stones (quivered ammo)
 x - 41 javelins
Armour
 e - a +0 helmet (worn)
 i - a +0 plate armour (worn)
 v - a +0 tower shield
 G - the +2 pair of boots of Analysis (worn) {Dex+2}
   (You found it in a Gauntlet)

   It affects your dexterity (+2).
 Z - the +3 scale mail of the Stars {Will+}
   (You found it on level 14 of the Dungeon)

   It affects your willpower, your defense against some magical effects.
Magical Staves
 Q - an uncursed staff of cold
Jewellery
 c - a cursed ring of teleportation {unknown}
 h - an uncursed ring of fire
 t - an uncursed ring of resist corrosion
 u - an uncursed ring of see invisible
 w - an uncursed ring of fire
 E - the ring "Vothoneeti" (left hand) {AC+4 Str+2}
   (You found it in a Gauntlet)

   [ring of protection]

   It affects your AC (+4).
   It affects your strength (+2).
 R - an uncursed ring of flight
 U - an uncursed ring of positive energy
 W - a +4 ring of protection
 X - an amulet of regeneration (around neck)
 Y - an uncursed ring of ice
Wands
 m - a wand of paralysis (14)
 q - a wand of acid (19)
 A - a wand of iceblast (5)
 O - a wand of flame (50)
 V - a wand of polymorph (12)
Scrolls
 f - 7 scrolls of enchant weapon
 k - 13 scrolls of remove curse
 l - 3 scrolls of immolation
 n - 13 scrolls of teleportation
 o - 9 scrolls of enchant armour
 r - 3 scrolls of fear
 y - a scroll of blinking
 C - a scroll of silence {unknown}
 F - 3 scrolls of magic mapping
 I - a scroll of vulnerability {unknown}
 J - a scroll of torment {unknown}
 K - 2 scrolls of noise {unknown}
 L - a scroll of brand weapon {unknown}
 M - 4 scrolls of fog
 P - 2 scrolls of acquirement {unknown}
 T - 3 scrolls of summoning
Potions
 b - 4 potions of mutation
 j - a potion of flight
 p - 2 potions of haste
 s - 2 potions of brilliance
 z - 3 potions of lignification
 B - a potion of attraction
 H - a potion of magic


   Skills:
 + Level 8.2 Fighting
 + Level 7.4 Polearms
 * Level 13.6 Slings
 * Level 12.9 Armour
 - Level 7.3 Dodging
 - Level 2.1 Stealth
 * Level 9.4 Shields
 * Level 9.1 Spellcasting
 + Level 8.2 Evocations


You had 31 spell levels left.
You didn't know any spells.
Your spell library contained the following spells:

 Spells                   Type           Power        Failure   Level
 Sting                    Tmut/Pois      #...         78%         1
 Poisonous Vapours        Pois/Air       #.....       89%         2
 Conjure Flame            Conj/Fire      #.......     98%         3
 Ignite Poison            Fire/Tmut/Pois #.......     98%         3
 Mephitic Cloud           Conj/Pois/Air  #.......     98%         3
 Olgreb's Toxic Radiance  Pois           #.......     100%        4
 Freezing Cloud           Conj/Ice/Air   #.........   100%        6


Dungeon Overview and Level Annotations

Branches:
Dungeon (14/15)            Temple (1/1) D:6            Lair (6/6) D:10
 Shoals (0/4) Lair:4        Snake (0/4) Lair:4        Slime (1/5) Lair:5
    Orc (0/2) D:10         Bailey (visited)         Gauntlet (visited)
 Vaults: D:13-14

Altars:
Ashenzari
Cheibriados
Dithmenos
Elyvilon
Fedhas
Gozag
Hepliaklqana
Kikubaaqudgha
Makhleb
Nemelex Xobeh
Okawaru
Qazlal
Ru
Trog
Uskayaw
Vehumet
Wu Jian
Xom
Yredelemnul
Zin
The Shining One
Beogh
Jiyva

Shops:
D:5 (((*   D:7 *?*   D:11 !   D:13 ([(

Portals:
Trove: D:10 (give +3 ice dragon scales)

Annotations:
D:2 Natasha
D:6 1 runed translucent door, Perttuleena's ghost, novice DsFi
Lair:1 Gastronok


Innate Abilities, Weirdness & Mutations

You are resistant to damage.
You can heal yourself by infusing magical energy.
You resist negative energy. (rN+)
You passively map the area around you.
You do not regenerate.


Message History

The tengu conjurer pecks you.
The tengu conjurer claws you but does no damage.
You puncture the tengu conjurer!
You kill the tengu conjurer!
The boulder beetle curls into a ball and begins rolling!
Things that are here:
a +0 giant club; a +0 giant club; a two-headed ogre corpse The boulder beetle hits you!!!
* * * LOW HITPOINT WARNING * * *
The boulder beetle stops rolling and uncurls.
The boulder beetle bites you.
* * * LOW HITPOINT WARNING * * *
You puncture the boulder beetle!
The boulder beetle is lightly wounded.
The boulder beetle bites you!
* * * LOW HITPOINT WARNING * * *
You puncture the boulder beetle!
The boulder beetle is lightly wounded.
The boulder beetle bites you!!
You die...

* , ,#.# * * #.#
#####*** #.#
*....<. ≈ *,#.#
###...... ≈ * #.#
#††......, , *,#.#
#.# ,, ,,, * *
#.#####.# # * ≈ *,
, #>##.)..#####.#
,, #..@...)..[...#
####B....###### , *
#.....'... , ,
##....#### * , ≈ *
, #....# , ,,,, *
#....# * * #+#.#
###....# ,
######.#.# #......#
*
#....#.#.###.#....#


You could see a boulder beetle.

Vanquished Creatures
  A cacodemon (Gauntlet)
  A minotaur (Gauntlet)
  Fannar (D:10)
  A fire dragon (Lair:6)
  An ice dragon (Lair:6)
  9 hydras
  A centaur warrior (D:13)
  A catoblepas (Lair:6)
  2 death yaks
  2 two-headed ogres
  A queen ant (D:11)
  A fire crab (Lair:6)
  A wizard (D:9)
  A harpy (shapeshifter) (D:13)
  2 orc knights (Bailey)
  5 ugly things
  A mana viper (Bailey)
  5 manticores
  2 deep elf magi
  9 elephants
  A gargoyle (D:12)
  2 centaur zombies (D:14)
  3 molten gargoyles (Lair:6)
  A torpor snail (Lair:4)
  7 black mambas
  Maurice (D:11)
  A hornet (D:10)
  9 cane toads
  2 kobold demonologists (D:12)
  14 komodo dragons
  An ice devil (Gauntlet)
  6 rime drakes
  3 trolls
  2 tengu conjurers (D:14)
  A meliai (shapeshifter) (D:14)
  17 blink frogs
  5 dream sheep (Lair:5)
  A shadow (D:11)
  A centaur simulacrum (D:14)
  A yak (shapeshifter) (D:13)
  Eustachio (D:5)
  2 wraiths (D:14)
  6 wyverns
  30 yaks
  3 neqoxecs (Gauntlet)
  5 basilisks
  A large abomination (Gauntlet)
  2 steam dragons (Lair:6)
  6 vampire mosquitoes
  4 hell hounds (Lair:6)
  Duvessa (D:4)
  15 water moccasins
  5 black bears
  A floating eye (Bailey)
  3 ice beasts
  5 sky beasts
  8 orc warriors
  A necrophage (D:12)
  3 phantoms
  An ogre (D:9)
  3 wolves (Lair:2)
  7 centaurs
  5 small abominations (Gauntlet)
  11 big kobolds
  A gnoll sergeant (D:8)
  21 bullfrogs
  A wyvern zombie (D:6)
  A water moccasin zombie (D:6)
  3 scorpions
  Dowan (D:4)
  4 killer bees
  4 electric eels
  9 wights
  4 howler monkeys
  2 bullfrog zombies
  5 lava snakes (Lair:6)
  A quasit (D:5)
  3 hounds
  3 centaur skeletons
  3 jellies
  19 orc wizards
  A gnoll shaman (D:7)
  8 orc priests
  2 iguanas
  Natasha (twice) (D:2)
  4 bullfrog skeletons
  7 worker ants
  A hound skeleton (D:4)
  A worker ant zombie (D:8)
  16 adders
  10 gnolls
  2 shadow imps
  3 white imps
  An ufetubus (D:7)
  An adder zombie (D:9)
  A worm (D:2)
  A dart slug (D:4)
  5 leopard geckos
  88 orcs
  2 ball pythons
  6 bats
  7 giant cockroaches
  5 goblins
  6 hobgoblins
  10 jackals
  3 quokkas
  8 frilled lizards
  36 kobolds
  2 quokka skeletons
  6 rats
586 creatures vanquished.

Vanquished Creatures (collateral kills)
  3 orc warriors (D:10)
  An orc priest (D:10)
4 creatures vanquished.

Vanquished Creatures (others)
  2 ogres (D:4)
  A hound (D:4)
  An orc priest (D:4)
  A worker ant (D:4)
  A worm (D:4)
  A giant cockroach (D:4)
  A jackal (D:4)
  2 frilled lizards (D:4)
  A bush (Lair:4)
  80 fungi
  84 plants
175 creatures vanquished.

Grand Total: 765 creatures vanquished

Notes
Turn   | Place    | Note
-------+----------+-------------------------------------------
     0 | D:1      | ANON1729 the Deep Dwarf Hunter began the quest for the Orb.
     0 | D:1      | Reached XP level 1. HP: 19/19 MP: 1/1
   152 | D:1      | Reached XP level 2. HP: 26/26 MP: 2/2
   517 | D:2      | Noticed Natasha
   521 | D:2      | Killed Natasha
   522 | D:2      | Reached XP level 3. HP: 28/32 MP: 3/3
   543 | D:2      | Reached skill level 1 in Armour
   668 | D:2      | Reached XP level 4. HP: 32/40 MP: 4/4
   669 | D:2      | Reached skill level 5 in Slings
   680 | D:2      | Found a hazy altar of Hepliaklqana.
   681 | D:2      | Noticed Natasha
   711 | D:2      | Killed Natasha
  1161 | D:3      | Reached XP level 5. HP: 29/46 MP: 5/5
  1543 | D:3      | Found a faded altar of an unknown god.
  1802 | D:2      | Noticed Natasha
  1870 | D:4      | Killed an ogre
  1873 | D:4      | Killed an ogre
  2022 | D:4      | Found a shimmering altar of Xom.
  2023 | D:4      | Noticed Duvessa
  2023 | D:4      | Noticed Dowan
  2161 | D:4      | Noticed a phantom
  2194 | D:4      | Killed a phantom
  2195 | D:4      | Reached skill level 6 in Slings
  2195 | D:4      | Reached XP level 6. HP: 44/56 MP: 5/5
  2225 | D:4      | Killed Dowan
  2231 | D:4      | Killed Duvessa
  2297 | D:4      | Reached XP level 7. HP: 46/62 MP: 6/6
  2645 | D:5      | Entered Level 5 of the Dungeon
  2713 | D:5      | Found Zyosojysk's Antique Weapon Shoppe.
  3049 | D:5      | Found Nidgh's Assorted Antiques.
  3090 | D:5      | Bought a scroll labelled WIQYZU JYFEO for 28 gold pieces
  3090 | D:5      | Bought a fizzy golden potion for 25 gold pieces
  3090 | D:5      | Bought a fizzy golden potion for 25 gold pieces
  3090 | D:5      | Bought 3 murky blue potions for 75 gold pieces
  3090 | D:5      | Bought a fizzy coppery potion for 25 gold pieces
  3090 | D:5      | Bought a scroll labelled GURRANLOCO for 28 gold pieces
  3123 | D:5      | Bought a scroll labelled JILUDA CAITRU for 28 gold pieces
  3312 | D:5      | Reached skill level 1 in Polearms
  3312 | D:5      | Reached skill level 7 in Slings
  3641 | D:5      | Reached skill level 5 in Armour
  3645 | D:5      | Found Poweb's Antique Weapon Shoppe.
  3670 | D:5      | Noticed Eustachio
  3686 | D:5      | Killed Eustachio
  3687 | D:5      | Reached XP level 8. HP: 51/72 MP: 7/7
  3733 | D:5      | Found Dempot's Antique Weapon Shop.
  3862 | D:5      | Bought a scroll labelled PIDYT NYTEAM for 28 gold pieces
  3979 | D:6      | Found a basalt altar of Yredelemnul.
  4002 | D:6      | Reached skill level 5 in Dodging
  4091 | D:6      | Found a runed translucent door.
  4092 | D:6      | Noticed Perttuleena's ghost (novice DsFi)
  4145 | D:6      | Found a stormy altar of Qazlal.
  4238 | D:6      | Reached skill level 1 in Spellcasting
  4274 | D:6      | Found an opulent altar of Gozag.
  4274 | D:6      | Found a sparkling altar of Nemelex Xobeh.
  4282 | D:6      | Reached skill level 8 in Slings
  4364 | D:6      | Found a staircase to the Ecumenical Temple.
  4653 | Temple   | Entered the Ecumenical Temple
  4668 | Temple   | Became a worshipper of the Shining One
  4801 | D:7      | Gained mutation: You passively map the area around you.
                  | [Deep Dwarf growth]
  4801 | D:7      | Reached XP level 9. HP: 74/79 MP: 10/10
  5162 | D:7      | Found Uptiellake's Assorted Antiques.
  5170 | D:7      | Bought a scroll labelled WETISYZENE for 30 gold pieces
  5170 | D:7      | Bought a scroll labelled POIRESH LUGI for 30 gold pieces
  5170 | D:7      | Bought a scroll labelled YCIROS TEFOIPN for 30 gold pieces
  5188 | D:7      | Found Cogh's Magic Scroll Boutique.
  5240 | D:7      | Found Kyentakh's Assorted Antiques.
  5248 | D:7      | Bought a fizzy emerald potion for 23 gold pieces
  5748 | D:8      | Reached * piety under the Shining One
  6211 | D:8      | Reached skill level 5 in Fighting
  6211 | D:8      | Reached skill level 9 in Slings
  6409 | D:8      | Noticed a cyan ugly thing
  6431 | D:8      | Killed a cyan ugly thing
  6519 | D:8      | Reached XP level 10. HP: 42/88 MP: 13/13
  6751 | D:9      | Found an ornate altar of the Wu Jian Council.
  7127 | D:9      | Found a burning altar of Makhleb.
  7127 | D:9      | Reached ** piety under the Shining One
  7159 | D:9      | Noticed a wizard
  7174 | D:9      | Killed a wizard
  7580 | D:10     | Entered Level 10 of the Dungeon
  7587 | D:10     | Found a sacrificial altar of Ru.
  7667 | D:10     | Found a roughly hewn altar of Beogh.
  7727 | D:10     | Found a staircase to the Orcish Mines.
  7770 | D:10     | Reached skill level 10 in Slings
  7818 | D:10     | Reached *** piety under the Shining One
  7943 | D:10     | Reached skill level 5 in Spellcasting
  7990 | D:10     | Noticed a two-headed ogre
  8107 | D:10     | Found a staircase to the Lair.
  8128 | D:10     | Killed a two-headed ogre
  8129 | D:10     | Reached XP level 11. HP: 47/97 MP: 15/15
  8199 | D:10     | Reached skill level 1 in Evocations
  8437 | D:10     | Found a portal to a secret trove of treasure.
  8454 | D:10     | Noticed Fannar
  8608 | D:7      | Bought a scroll of identify for 26 gold pieces
  8618 | D:7      | Bought a scroll of identify for 26 gold pieces
  9029 | D:11     | Noticed Maurice
  9045 | D:11     | Killed Maurice
  9082 | D:11     | Found Jucw's Distillery.
  9291 | D:11     | Noticed a boulder beetle
  9347 | D:12     | Reached **** piety under the Shining One
  9460 | D:12     | Noticed a brown ugly thing
  9474 | D:12     | Killed a red ugly thing
  9488 | D:12     | Identified the +1 leather armour of Socoluno {rC+ Str+3}
                  | (You found it on level 12 of the Dungeon)
  9506 | D:12     | Noticed a red ugly thing
  9522 | D:12     | Killed a red ugly thing
  9523 | D:12     | Reached skill level 1 in Shields
  9593 | D:12     | Reached skill level 5 in Polearms
  9640 | D:12     | Noticed a seven-headed hydra
  9763 | D:11     | Noticed a queen ant
  9763 | D:11     | a boulder beetle changed into a queen ant
  9860 | D:11     | Killed a queen ant
 10272 | D:12     | Reached skill level 11 in Slings
 10288 | D:12     | Killed a seven-headed hydra
 10720 | D:13     | Noticed a centaur warrior
 10728 | D:12     | Reached skill level 10 in Armour
 10758 | D:13     | Found a flagged portal.
 10766 | D:13     | Noticed a deep elf mage
 10772 | Bailey   | Entered a bailey
 10949 | Bailey   | Noticed an orc knight
 10950 | Bailey   | Noticed an orc knight
 11106 | Bailey   | an orc knight changed into a manticore
 11154 | Bailey   | an orc knight changed into a floating eye
 11154 | Bailey   | Noticed an orc knight
 11156 | Bailey   | Noticed an orc knight
 11158 | Bailey   | Noticed a mana viper
 11158 | Bailey   | an orc knight changed into a mana viper
 11175 | Bailey   | Killed a mana viper
 11178 | Bailey   | Noticed an orc knight
 11204 | Bailey   | Killed an orc knight
 11246 | Bailey   | Killed an orc knight
 11247 | Bailey   | Reached XP level 12. HP: 52/106 MP: 7/14
 11448 | D:13     | Found Diutebbe's Weapon Shop.
 11484 | Lair:1   | Entered Level 1 of the Lair of Beasts
 12002 | Lair:1   | Noticed Gastronok
 12156 | Lair:2   | Reached ***** piety under the Shining One
 12501 | Lair:2   | Reached skill level 5 in Shields
 12552 | Lair:2   | Reached skill level 5 in Evocations
 12657 | Lair:2   | Found a sacrificial altar of Ru.
 12816 | Lair:2   | Noticed a six-headed hydra
 12826 | Lair:2   | Killed a six-headed hydra
 12964 | Lair:2   | Reached skill level 12 in Slings
 13926 | Lair:3   | Noticed an eight-headed hydra
 13950 | Lair:3   | Killed an eight-headed hydra
 13958 | Lair:3   | Reached XP level 13. HP: 67/115 MP: 11/11
 14361 | Lair:4   | Found a staircase to the Snake Pit.
 14392 | Lair:4   | Found a gate leading to a gauntlet.
 14402 | Gauntlet | Entered a Gauntlet
 14402 | Gauntlet | Found a large runed translucent door.
 14402 | Gauntlet | Found a large runed translucent door.
 14402 | Gauntlet | Found a large runed translucent door.
 14402 | Gauntlet | Found a large runed translucent door.
 14402 | Gauntlet | Found a large runed translucent door.
 14402 | Gauntlet | Found a large runed translucent door.
 14402 | Gauntlet | Found a large runed translucent door.
 14402 | Gauntlet | Found a large runed translucent door.
 14402 | Gauntlet | Found a runed translucent door.
 14402 | Gauntlet | Found a runed translucent gate.
 14402 | Gauntlet | Found a transporter.
 14402 | Gauntlet | Found a transporter.
 14402 | Gauntlet | Found a runed translucent gate.
 14402 | Gauntlet | Found a transporter.
 14418 | Gauntlet | Found a transporter.
 14422 | Gauntlet | Found a transporter.
 14432 | Gauntlet | Found a transporter.
 14436 | Gauntlet | Found a transporter.
 14446 | Gauntlet | Found a transporter.
 14464 | Gauntlet | Noticed a cacodemon
 14474 | Gauntlet | Found a transporter.
 14491 | Gauntlet | Found a transporter.
 14493 | Gauntlet | Found a runed translucent gate.
 14495 | Gauntlet | Found a large runed translucent door.
 14497 | Gauntlet | Found a runed translucent door.
 14508 | Gauntlet | Found a large runed translucent door.
 14508 | Gauntlet | Found a large runed translucent door.
 14508 | Gauntlet | Found a large runed translucent door.
 14509 | Gauntlet | Found a large runed translucent door.
 14509 | Gauntlet | Found a large runed translucent door.
 14510 | Gauntlet | Found a large runed translucent door.
 14510 | Gauntlet | Found a large runed translucent door.
 14535 | Gauntlet | Found a transporter.
 14549 | Gauntlet | Found a transporter.
 14708 | Gauntlet | Got a wavering bone ring
 14716 | Gauntlet | Identified the ring "Vothoneeti" {AC+4 Str+2} (You found it
                  | in a Gauntlet)
 14875 | Gauntlet | The Shining One protects you from harm!
 14876 | Gauntlet | Killed a cacodemon
 14915 | Gauntlet | Got a pair of ancient boots
 14925 | Gauntlet | Identified the +2 pair of boots of Analysis {Dex+2} (You
                  | found it in a Gauntlet)
 14993 | Gauntlet | Noticed a minotaur
 15018 | Gauntlet | Killed a minotaur
 15815 | Lair:4   | You fall into a shaft and drop 2 floors!
 15815 | Lair:6   | Entered Level 6 of the Lair of Beasts
 15815 | Lair:6   | Found a shadowy altar of Dithmenos.
 16369 | Lair:6   | Reached ****** piety under the Shining One
 16789 | Lair:6   | Reached skill level 13 in Slings
 16795 | Lair:6   | Gained mutation: You resist negative energy. (rN+) [Deep
                  | Dwarf growth]
 16795 | Lair:6   | Reached XP level 14. HP: 55/124 MP: 6/6
 17017 | Lair:6   | Found a large runed translucent door.
 17017 | Lair:6   | Found a large runed translucent door.
 18154 | Lair:5   | Found a staircase to the Slime Pits.
 18154 | Lair:5   | Found a viscous altar of Jiyva.
 18198 | Slime:1  | Entered Level 1 of the Pits of Slime
 18198 | Slime:1  | Noticed an azure jelly
 18198 | Slime:1  | Noticed an azure jelly
 18663 | D:10     | Killed Fannar
 19357 | D:13     | Found Myumav's Armour Shoppe.
 19670 | D:13     | Found Plog's Antique Weapon Shop.
 20232 | D:14     | Got a dazzling scale mail
 20243 | D:14     | Identified the +3 scale mail of the Stars {Will+} (You
                  | found it on level 14 of the Dungeon)
 20417 | D:14     | Mangled by a boulder beetle

Illustrated notes

Levels and vault maps discovered:
D:1:      minmay_arrival_radiant_lines, layout_basic, st_stairs_1
D:2:      layout_loops_ring, lemuel_doored_altar, uniq_natasha
D:3:      layout_loops_cross, chequers_ecumenical_altar_twisty
D:4:      layout_rooms, xom_confusion_cloud, uniq_duvessa
D:5:      layout_loops_ring, serial_shops, nicolae_shop_trees,
          kennysheep_mini_moat, nicolae_shop_trees, nicolae_shop_statue_plus,
          st_stairs_10, minmay_misc_feat_five, uniq_eustachio
D:6:      layout_rooms, grunt_temple_overflow_opulence, old_standard_altar,
          minmay_temple_entry_poolview, ebering_ghost_reflecting_pool,
          grunt_qazlal_clouds
D:7:      layout_basic, serial_shops, shop_scrolls, nicolae_shop_crystal, shop
D:8:      layout_cave_pods, serial_park_tiny_2
D:9:      minmay_cornered_nines, layout_irregular_city, lightli_temple_of_fire,
          nicolae_overflow_crystal_walls, minmay_unpleasant_kobolds
D:10:     layout_basic, due_lair_maze_entry_diamond, david_orc_5, enter_trove_6,
          serial_glass, glass_columns_a, glass_columns_a,
          nicolae_ru_the_path_less_chosen, uniq_fannar
D:11:     layout_irregular_city, serial_shops, shop_statue, lemuel_statue_altar,
          uniq_maurice
D:12:     layout_loops_ring, kennysheep_minor_cross
D:13:     layout_cave_pools, serial_shops, shop_fountains,
          kennysheep_little_box, nicolae_shop_crystal, serial_column_ruins,
          column_ruins_square_medium, column_ruins_hut_ruined,
          column_ruins_grid_1, column_ruins_open_tiny,
          column_ruins_columns_straight, column_ruins_columns_T,
          column_ruins_columns_straight, column_ruins_open_tiny,
          column_ruins_open_tiny_water, enter_bailey_6, grunt_decor_resistance
D:14:     cheibrodos_lost_city_excavation, layout_basic, david_vaults_4,
          serial_glass, glass_columns_a, glass_columns_b
Temple:   lightli_temple_of_artemis
Lair:1:   layout_loops_ring, uniq_gastronok
Lair:2:   layout_cave_shapes, basic_altar, serial_bayou_shore_a,
          grunt_megastairs_4
Lair:3:   layout_hall_layers
Lair:4:   kb_forest_paths, layout_regular_city, minmay_shoals_entry_hut,
          gauntlet_entry_generic
Lair:5:   layout_hall_layers, slime_altar_1, lemuel_fruit_fields
Lair:6:   cheibrodos_lair_end_hotspot, layout_cellular_growth, basic_altar
Slime:1:  layout_caves

Skill      XL: |  1  2  3  4  5  6  7  8  9 10 11 12 13 14 |
---------------+-------------------------------------------+-----
Fighting       | 2 3 4 5 6 7 8 |  8.2
Stealth        | 2 |  2.1
Armour         | 1 2 3 4 5 6 7 9 10 11 12 | 12.9
Slings         | 5 6 7 8 9 10 11 12 13 | 13.6
Dodging        | 3 4 5 6 7 |  7.3
Polearms       | 1 2 3 4 5 6 7 |  7.4
Spellcasting   | 1 3 5 6 7 8 9 |  9.1
Evocations     | 3 5 7 8 |  8.2
Shields        | 3 6 8 9 |  9.4

Action                   |  1- 3 |  4- 6 |  7- 9 | 10-12 | 13-15 || total
-------------------------+-------+-------+-------+-------+-------++-------
Melee: Hunting sling     |     1 |       |     2 |     7 |     8 ||    18
       Trident           |       |       |       |       |   687 ||   687
 Fire: Hunting sling     |    88 |   188 |   658 |  1443 |   898 ||  3275
Throw: Javelin           |       |       |       |    24 |       ||    24
Invok: Divine Shield     |       |       |       |     1 |     2 ||     3
       Cleansing Flame   |       |       |       |       |     1 ||     1
 Abil: Heal Wounds       |       |     2 |     8 |    42 |    68 ||   120
Evoke: Wand              |       |     8 |     4 |    34 |    12 ||    58
  Use: Scroll            |       |       |       |    14 |     4 ||    18
       Potion            |       |       |       |     4 |    38 ||    42
Armor: Leather armour    |    11 |       |       |       |       ||    11
       Plate armour      |    12 |    49 |   229 |   371 |   981 ||  1642
Dodge: Dodged            |    13 |    19 |   123 |   329 |   715 ||  1199
Block: Other             |       |       |       |       |    31 ||    31

Table legend: (Time is in decaauts)
 A = Elapsed time spent in this place.
 B = Non-inter-level travel time spent in this place.
 C = Inter-level travel time spent in this place.
 D = Time resting spent in this place.
 E = Time spent auto-exploring this place.
 F = Levels seen in this place.
 G = Mean time per level.
                   A        B        C        D        E       F      G
               +--------+--------+--------+--------+--------+-----+--------+
         Total |  19405 |  17854 |   1551 |    599 |  11497 |  24 |  808.5 |
       Dungeon |  12391 |  11261 |   1130 |    326 |   7820 |  14 |  885.1 |
        Temple |     29 |     15 |     14 |      0 |      0 |   1 |   29.0 |
          Lair |   5823 |   5417 |    406 |    144 |   3289 |   6 |  970.5 |
    Slime Pits |      1 |      1 |      0 |      0 |      0 |   1 |    1.0 |
        Bailey |    545 |    545 |      0 |     86 |    206 |   1 |  545.0 |
      Gauntlet |    615 |    615 |      0 |     42 |    182 |   1 |  615.0 |
               +--------+--------+--------+--------+--------+-----+--------+

Top non-repeatable levels by time:
  Lair:6: 2134 daAuts
    D:10: 1376 daAuts
     D:5: 1264 daAuts
    D:11: 1129 daAuts
  Lair:2: 1085 daAuts
    D:12: 988 daAuts
     D:7: 984 daAuts
     D:8: 963 daAuts
     D:9: 960 daAuts
  Lair:1: 921 daAuts
  Lair:4: 818 daAuts
     D:3: 812 daAuts
     D:6: 754 daAuts
     D:4: 743 daAuts
    D:13: 696 daAuts
